AoeStats
← grilopse

Oasis

509483171Analyzed
3v3 RM · 6d ago on Sep 26, 2026· 64m 43s· 6 players
Game mode
Random Map
Map size
Normal (6 player)
Population
200
Speed
Normal
Resources
Standard
Victory
Conquest
Starting age
Dark Age
Ending age
Imperial Age
RankedLock teamsTeams togetherTeam positionsShared explorationLock speedFull tech treeHidden civsTurbo modeCheats
Victory
Defeat
🇲🇦 Romans · Morocco
1124
+14
🇲🇦 Khmer · Morocco
1112
+14
🇲🇦 Jurchens · Morocco
1000
+19
🇪🇸 Mongols · Spain
1082
-16
🇪🇸 Vietnamese · Spain
1068
-16
🇪🇸 Hindustanis · Spain
1060
-15
Xolasos
10:01 Loom
11:52 Feudal Age
10:08 Loom
27:10 Castle Age
26:04 Scale Barding Armor
27:06 Fletching
27:47 Crossbowman
28:36 Double-Bit Axe
31:53 Husbandry
32:09 Bloodlines
37:03 Ballistics
41:10 Masonry
40:56 Murder Holes
40:44 Treadmill Crane
41:44 Wheelbarrow
42:29 Pikeman
43:19 Squires
49:32 Imperial Age
49:44 Imperial Age
49:40 Hand Cart
BerberechoLoco
5:05 Loom
12:30 Feudal Age
16:17 Castle Age
22:21 Imperial Age
20:05 Double-Bit Axe
20:33 Horse Collar
20:47 Gold Mining
24:02 Chemistry
27:10 Bow Saw
29:18 Wheelbarrow
28:31 Town Watch
30:16 Town Patrol
32:07 Hand Cart
31:57 Heavy Plow
33:12 Two-Man Saw
38:06 Gold Shaft Mining
38:19 Stone Mining
39:02 Coinage
41:51 Stone Shaft Mining
42:44 Banking
43:04 Forging
42:55 Padded Archer Armor
42:46 Fletching
42:56 Scale Mail Armor
45:49 Squires
45:34 Arson
45:10 Pikeman
46:01 Thumb Ring
45:17 Elite Skirmisher
46:12 Bloodlines
46:02 Husbandry
45:22 Light Cavalry
48:48 Iron Casting
48:28 Chain Mail Armor
51:52 Conscription
52:08 Hoardings
51:40 Shatagni
tarariketevi
6:54 Loom
11:39 Feudal Age
13:36 Double-Bit Axe
16:15 Castle Age
13:58 Horse Collar
20:41 Wheelbarrow
29:48 Fervor
32:14 Imperial Age
33:43 Conscription
35:09 Fletching
35:19 Padded Archer Armor
37:26 Chemistry
36:46 Ballistics
36:49 Bodkin Arrow
37:06 Forging
37:01 Scale Barding Armor
36:55 Gold Mining
36:55 Stone Mining
37:11 Heavy Plow
38:44 Elite Mangudai
40:17 Bracer
42:10 Leather Archer Armor
46:12 Husbandry
46:23 Bloodlines
45:37 Light Cavalry
46:15 Hussar
47:59 Chain Barding Armor
48:14 Iron Casting
53:59 Blast Furnace
dragonslilver
3:28 Loom
8:48 Loom
11:47 Feudal Age
12:16 Double-Bit Axe
11:54 Man-at-Arms
14:32 Horse Collar
15:22 Gold Mining
20:08 Castle Age
21:26 Bow Saw
24:13 Heavy Plow
23:42 Pikeman
24:23 Squires
25:15 Wheelbarrow
27:16 Hand Cart
26:52 Town Watch
29:55 Stone Mining
35:15 Imperial Age
33:52 Ballistics
35:18 Halberdier
35:54 Capped Ram
37:08 Scale Mail Armor
37:18 Forging
37:00 Fletching
37:18 Siege Engineers
37:23 Masonry
38:19 Chain Mail Armor
39:36 Conscription
39:32 Ballistas
39:46 Siege Ram
42:04 Heavy Scorpion
45:29 Iron Casting
44:50 Bodkin Arrow
45:29 Architecture
46:01 Chemistry
56:14 Guilds
58:38 Murder Holes
61:56 Onager
grilopse
11:35 Feudal Age
16:16 Castle Age
14:26 Double-Bit Axe
14:52 Horse Collar
18:40 Bow Saw
19:02 Loom
21:12 Wheelbarrow
24:12 Hand Cart
30:01 Imperial Age
29:47 Heavy Plow
30:16 Elite Steppe Lancer
31:40 Scale Barding Armor
31:46 Forging
33:43 Chain Barding Armor
33:59 Iron Casting
34:54 Bloodlines
36:29 Light Cavalry
37:11 Husbandry
37:55 Plate Barding Armor
38:21 Blast Furnace
38:03 Hussar
43:50 Fortified Wall
44:38 Heavy Rocket Cart
46:27 Two-Man Saw
46:01 Crop Rotation
47:03 Siege Engineers
47:52 Gold Mining
47:55 Stone Mining
Poketale
10:37 Feudal Age
16:08 Castle Age
27:07 Loom
31:21 Imperial Age
29:47 Wheelbarrow
29:03 Double-Bit Axe
31:49 Bloodlines
31:39 Husbandry
31:50 Town Watch
33:54 Conscription
38:11 Padded Archer Armor
38:01 Fletching
37:44 Elite Skirmisher
39:00 Ballistics
40:00 Bodkin Arrow
40:22 Leather Archer Armor
40:24 Gold Mining
40:58 Bow Saw
43:42 Masonry
45:21 Bracer
47:30 Ring Archer Armor
47:20 Hand Cart
47:23 Siege Engineers
47:52 Town Patrol
49:42 Scale Barding Armor
49:38 Scale Mail Armor
49:48 Forging
50:47 Chemistry
49:33 Heavy Scorpion
54:53 Architecture
56:05 Double Crossbow
56:43 Tusk Swords
60:41 Hoardings
60:09 Murder Holes
62:18 Elite Ballista Elephant
62:59 Spies/Treason
Connection lost

Rejoining the realm…

Still unreachable

The connection could not be restored.

Session expired

The server has moved on; the page needs a fresh start.